Minoru, lawful male human Samurai --------- |.|.....| -----.|.-...| |.....|.....| -----...|.|.---.| |.......|@|.| |.| |...%...|V|.- |.| ----------- |........M....|.| |.........| ---.---*......- |.----|.........| |...|.|.......| |.....-....<....| |.-.|.|...-.|.- ------|.........| |...|.......|... |.........| ---.|.|...- --- ----------- |.|.|...| |.|.|---- |...| |.--- . Minoru the Ninja Experience level: 8 Strength: 14 Dexterity: 18 Constitution: 18 Intelligence: 8 Wisdom: 9 Charisma: 8 Health: 0(69) Energy: 31(31) Def: 10 Gold: 142 Moves: 4399 Dungeon seed: zxew_Y-JsEOzXaXx Game ID: Minoru_1559491093 Your Inventory: Coins $ - 142 gold pieces Weapons a - an uncursed +0 katana (weapon in hand) b - an uncursed +0 wakizashi c - an uncursed +0 yumi (alternate weapon; not wielded) d - 45 uncursed +0 ya i - 70 uncursed +0 arrows l - 44 blessed +2 arrows (in quiver) Armor e - an uncursed +0 dwarvish cloak (being worn) y - an uncursed +0 dwarvish iron helm (being worn) F - an uncursed +0 pair of iron shoes named noncursed (being worn) M - an uncursed +0 dwarvish mithril-coat (being worn) Comestibles f - 6 uncursed gunyoki Scrolls H - 2 uncursed scrolls of amnesia J - an uncursed scroll of charging K - an uncursed scroll of food detection L - an uncursed scroll of scare monster O - a cursed scroll of identify S - a cursed scroll of gold detection Spellbooks Q - an uncursed spellbook of healing Potions x - a blessed potion of healing Wands p - an uncursed wand of magic missile (0:3) Tools k - an uncursed blindfold o - an uncursed tin whistle w - an uncursed towel A - 8 uncursed wax candles (0:400) B - an uncursed partly used wax candle (lit) (0:6) C - 2 uncursed tallow candles (0:200) D - an uncursed skeleton key I - an uncursed expensive camera (0:50) Gems n - 2 uncursed opals q - 3 uncursed worthless pieces of white glass r - 2 uncursed topaz stones z - 2 uncursed worthless pieces of violet glass N - an uncursed worthless piece of blue glass P - 2 uncursed amethyst stones R - an uncursed ruby T - 2 uncursed fluorite stones Y - 3 uncursed emeralds Spells and supernatural/magical abilities: Name Level Category Fail Memory W - pray for help -- divine ? -- Your skills at the end: Fighting Skills martial arts [Basic] Weapon Skills short sword [Basic] long sword [Skilled] bow [Basic] Spellcasting Skills Final Attributes: You were piously aligned. You were fast. You are dead. Vanquished creatures: a vampire a flaming sphere a shocking sphere a carnivorous ape a leather golem a quivering blob a giant spider a gnome king an orc mummy a chickatrice 2 dogs a jaguar a gnome mummy 5 human zombies a bugbear a wood nymph a rock piercer a rock mole a pony a shrieker a violet fungus 11 gnome lords a gnomish wizard a kobold mummy a giant ant 5 dwarves a homunculus a rothe 3 orc zombies a dwarf zombie a werejackal an iguana 2 acid blobs 2 coyotes a gas spore 2 hobbits 5 giant rats a cave spider a brown mold a yellow mold 54 gnomes 3 garter snakes 2 gnome zombies a gecko a jackal 2 kobolds 5 goblins 2 sewer rats a grid bug 3 bats 4 lichens 2 kobold zombies 4 newts 152 creatures vanquished. Voluntary challenges: You used a wielded weapon 239 times, starting on turn 116. You read items or engraved 3 times, starting on turn 1593. You never genocided any monsters. You never polymorphed an object. You never changed form. You used no wishes. You never split a pudding. You never wrote Elbereth's name. You never violated your personal moral code. Dungeon overview: The Dungeons of Doom: levels 1 to 3 Level 1 a fountain a long staircase Level 2 stairs to The Gnomish Mines Level 3 The Gnomish Mines: levels 3 to 10 Level 3 (pick axe) stairs to The Dungeons of Doom Level 4 Level 5 some shops, a temple to Amaterasu Omikami, some fountains, some trees Level 6 Level 7 Level 8 Level 9 Level 10 <- You were here History has recorded: On T:1 you entered the Dungeons of Doom to retrieve the Amulet of Yendor! On T:460 you reached level 2 of The Dungeons of Doom. On T:533 you advanced to experience level 2. On T:609 you reached level 3 of The Dungeons of Doom. On T:666 you reached level 1 of The Gnomish Mines. On T:701 you advanced to experience level 3. On T:866 you advanced to experience level 4. On T:1062 you advanced to experience level 5. On T:1182 you reached level 2 of The Gnomish Mines. On T:1278 you reached level 3 of The Gnomish Mines. On T:1658 you reached level 4 of The Gnomish Mines. On T:1703 you advanced to experience level 6. On T:2653 you reached level 5 of The Gnomish Mines. On T:2867 you advanced to experience level 7. On T:2953 you reached level 6 of The Gnomish Mines. On T:3365 you reached level 7 of The Gnomish Mines. On T:3806 you reached level 8 of The Gnomish Mines. On T:4086 you advanced to experience level 8. Score breakdown: Gold: 142 ( 7331 points) Experience: 8 levels (14739 points) Exploration: 10 levels ( 19.61%) (12727 points) Discoveries: 9 items ( 3.66%) ( 5738 points) Valuables value: (no points given unless you survive) Artifact value: 0 ( 0 points) Variety of kills: 53 monsters ( 13.91%) (11189 points) Turncount: 4399 turns (-1165 points) Survival: died (score multiplied by 80%) Total score: 40447 Latest messages: Your candle's flame flickers low! You hit the vampire! The vampire hits! The vampire bites! You hit the vampire! (2x) The vampire hits! The vampire bites! You hit the human zombie! You hit the human zombie. The human zombie hits! You hit the human zombie. You destroy the human zombie! You hit the vampire! The vampire hits! The vampire bites! You hit the vampire! You hit the vampire. The vampire hits! The vampire bites! Please move the cursor to an unknown object. Never mind. You begin to memorize the runes. You stop studying. The vampire hits! You die... Final status: Sayonara Minoru the Samurai, killed by a vampire... You died in The Gnomish Mines on dungeon level 10 with 40447 points, and 142 pieces of gold, after 4399 moves. You were level 8 with a maximum of 69 hit points when you died.